 Dungeon Crawl Stone Soup version 0.22.0-49-gab54619674 (webtiles) character file.

196 kakkapete22 the Skirmisher (level 5, -8/38 HPs)
             Began as an Octopode Fighter on Sept 3, 2018.
             Killed by divine providence
             ... invoked by an orc priest
              (12 damage)
             ... on level 4 of the Dungeon.
             The game lasted 00:14:14 (2916 turns).

kakkapete22 the Skirmisher (Octopode Fighter)       Turns: 2916, Time: 00:14:14

Health: -8/38      AC:  3    Str: 16    XL:     5   Next: 75%
Magic:  5/5        EV: 12    Int: 14    God:
Gold:   55         SH:  9    Dex: 11    Spells: 4/4 levels left

rFire    . . .     SeeInvis .   a - +0 trident
rCold    . . .     Gourm    .   b - +0 shield
rNeg     . . .     Faith    .   s - +2 hat {Int+3}
rPois    .         Spirit   .   (no amulet)
rElec    .         Reflect  .   m - ring of wizardry
rCorr    .         Harm     .   (no ring)
MR       .....                  (no ring)
Stlth    ++........             (no ring)
HPRegen  0.12/turn              (no ring)
MPRegen  0.09/turn              (no ring)
                                (no ring)
                                (no ring)

@: no status effects
A: almost no armour, stealthy swim, amphibious, 8 rings, constrict 8, camouflage
1, gelatinous body 1
a: no special abilities


You were on level 4 of the Dungeon.
You were not hungry.

You visited 1 branch of the dungeon, and saw 4 of its levels.

You collected 55 gold pieces.

Inventory:

Hand Weapons
 a - a +0 trident (weapon)
 g - a +0 hunting sling
Missiles
 f - 38 sling bullets
 i - a throwing net (quivered)
Armour
 b - a +0 shield (worn)
 s - a +2 hat of intelligence (worn)
Jewellery
 m - a ring of wizardry (left tentacle)
Scrolls
 e - a scroll of enchant armour {unknown}
 h - 2 scrolls of teleportation {unknown}
 j - 2 scrolls of identify {unknown}
 l - a scroll of magic mapping {unknown}
 n - a scroll of remove curse {unknown}
 q - a scroll of fog {unknown}
Potions
 c - 2 potions of might
 k - a potion of agility {unknown}
 o - 2 potions of brilliance {unknown}
 r - a potion of resistance {unknown}
Comestibles
 d - 6 rations


   Skills:
 * Level 4.3 Fighting
 + Level 3.1 Polearms
 + Level 3.8 Dodging
 - Level 0.6 Stealth
 + Level 3.9 Shields


You had 4 spell levels left.
You didn't know any spells.
Your spell library was empty.

Dungeon Overview and Level Annotations

Branches:
Dungeon (4/15)
 Temple: D:4-7

Altars:

Annotations:
D:3 Grinder


Innate Abilities, Weirdness & Mutations

You cannot wear most types of armour.
You are very stealthy in the water. (Stealth+)
You are amphibious.
You can wear up to eight rings at the same time.
You can use your tentacles to constrict eight enemies at once.
Your skin changes colour to match your surroundings (Stealth+).
Your rubbery body absorbs attacks. (AC +1, EV +1)


Message History

You constrict the hobgoblin.
You kill the hobgoblin!
The orc priest casts a cantrip, but nothing happens.
Attack whom?
Press: ? - help, Dir - move target cursor, f - ogre
Aim: an ogre, wielding a giant club You reach to attack!
You hit the ogre.
The ogre is lightly wounded.
The orc priest looks satisfied for a moment.
The ogre hits you with a giant club!
The orc priest miscasts a cantrip.
The ogre hits you with a giant club!!
Ouch! That really hurt!
* * * LOW HITPOINT WARNING * * *
Things that are here:
a falchion; a leather armour The orc priest miscasts a cantrip.
The orc priest calls down the wrath of Beogh upon you.
Beogh smites you!
You die...

#....................
#########.###g######.
#.# #o# ##### #.# #)#
o...# #.# #.# .##.#
#o# #g#
.##.########g# #.#
#.# ## .##.#.go...o.#
#O# #.# #.
.o)..o######## #@#
#.########. .##.###
#.# #.#........ >##.#
#.# #.#.######. .##.#
#.# #.#.# #. .##.#
#.# #.#.#### ## ....#
##.######......#
.####
#.........#.##.# ##
#..###########.#
#.<## #.#


You could see an ogre, an orc priest, a hobgoblin and a goblin.

Vanquished Creatures
  A bullfrog skeleton (D:4)
  Terence (D:2)
  A worker ant (D:4)
  4 adders
  2 oozes (D:1)
  4 worms (D:2)
  4 leopard geckos
  3 orcs (D:4)
  4 giant cockroaches
  3 goblins
  2 hobgoblins
  2 jackals (D:3)
  2 quokkas (D:2)
  11 bats
  14 frilled lizards
  3 kobolds
  7 rats
68 creatures vanquished.

Vanquished Creatures (others)
  3 plants (D:1)
3 creatures vanquished.

Grand Total: 71 creatures vanquished

Notes
Turn   | Place    | Note
-------+----------+-------------------------------------------
     0 | D:1      | kakkapete22 the Octopode Fighter began the quest for the
                  | Orb.
     0 | D:1      | Reached XP level 1. HP: 16/16 MP: 1/1
   324 | D:1      | Reached XP level 2. HP: 17/21 MP: 2/2
   669 | D:1      | Reached XP level 3. HP: 22/26 MP: 3/3
  1675 | D:2      | Reached XP level 4. HP: 31/31 MP: 4/4
  1751 | D:2      | Noticed Terence
  1762 | D:2      | Killed Terence
  2362 | D:3      | Reached skill level 4 in Fighting
  2362 | D:3      | Reached XP level 5. HP: 30/37 MP: 5/5
  2539 | D:3      | Noticed Grinder
  2878 | D:4      | Noticed an ogre
  2916 | D:4      | Killed from afar by an orc priest

Skill      XL: |  1  2  3  4  5 |
---------------+----------------+-----
Fighting       | 4 |  4.3
Polearms       | 3 |  3.1
Dodging        | |  3.8
Stealth        | |  0.6
Shields        | |  3.9

Action                   |  1- 3 |  4- 6 || total
-------------------------+-------+-------++-------
Melee: Trident           |    97 |    45 ||   142
       Constrict         |    19 |    15 ||    34
       Tentacles         |    19 |    11 ||    30
 Stab: Sleeping          |     4 |     5 ||     9
  Eat: Chunk             |     2 |     4 ||     6
Armor: Skin              |    14 |     1 ||    15
Dodge: Dodged            |    47 |    14 ||    61
Block: Shield            |    26 |    14 ||    40
